AoeStats
← Clueless Clown

Lombardia

508793814Analyzed
4v4 RM · 7d ago on Sep 24, 2026· 55m 16s· 8 players
Game mode
Random Map
Map size
Large (8 player)
Population
200
Speed
Normal
Resources
Standard
Victory
Conquest
Starting age
Dark Age
Ending age
Imperial Age
RankedLock teamsTeams togetherTeam positionsShared explorationLock speedFull tech treeHidden civsTurbo modeCheats
Victory
Defeat
🇺🇸 Magyars · United States
1093
+15
🇨🇦 Saxons · Canada
1090
+15
🇨🇦 Varangians · Canada
1067
+16
🇺🇸 Hindustanis · United States
1056
+17
🇺🇸 Varangians · United States
1091
-16
🇦🇷 Saracens · Argentina
1081
-16
🇨🇱 Celts · Chile
1079
-16
🇺🇸 Saxons · United States
1046
-15
Clueless Clown
7:05 Loom
9:29 Feudal Age
9:55 Double-Bit Axe
9:52 Horse Collar
13:20 Wheelbarrow
17:55 Wheelbarrow
18:25 Town Watch
23:11 Castle Age
22:01 Gold Mining
23:04 Scale Mail Armor
23:14 Forging
23:00 Stone Mining
25:17 Bow Saw
26:21 Hand Cart
28:05 Fletching
28:31 Chain Mail Armor
28:51 Iron Casting
28:43 Heavy Plow
29:29 Pikeman
31:31 Squires
31:16 Gambesons
31:17 Arson
31:45 Clerical Recruitment
35:22 Bodkin Arrow
38:24 Imperial Age
38:09 Ballistics
37:45 Murder Holes
38:20 Sanctity
38:44 Redemption
39:19 Block Printing
40:19 Conscription
40:35 Illumination
40:13 Elite Hearth Troop
41:57 Fortified Wall
41:45 Shield Wall
44:44 Plate Mail Armor
44:15 Bracer
47:10 Chemistry
47:19 Two-Man Saw
47:50 Masonry
48:36 Illumination
49:26 Architecture
50:18 Siege Engineers
52:07 Elite Varangian Guard
Jum
10:17 Feudal Age
11:03 Double-Bit Axe
14:12 Horse Collar
17:07 Loom
19:07 Wheelbarrow
22:00 Castle Age
20:57 Stone Mining
21:10 Gold Mining
23:03 Bow Saw
23:25 Squires
23:36 Heavy Plow
25:53 Stone Shaft Mining
30:00 Scale Barding Armor
32:47 Hand Cart
32:57 Bloodlines
32:52 Husbandry
34:12 Chain Barding Armor
34:03 Forging
34:20 Pikeman
35:22 Scale Mail Armor
39:24 Imperial Age
37:38 Light Cavalry
39:13 Iron Casting
38:29 Fletching
40:55 Crop Rotation
41:28 Two-Man Saw
39:58 Elite Jarl
41:03 Conscription
41:21 Plate Barding Armor
41:47 Blast Furnace
40:44 Bodkin Arrow
41:20 Gothikon
41:22 Elite Varangian Guard
43:02 Caravan
44:25 Ballistics
45:05 Chemistry
44:18 Fortified Wall
44:19 Masonry
46:58 Bracer
46:59 Padded Archer Armor
47:15 Chain Mail Armor
47:04 Cranequins
VonPiatre
0:57 Loom
11:50 Feudal Age
16:54 Castle Age
17:09 Castle Age
17:36 Double-Bit Axe
17:32 Horse Collar
23:25 Wheelbarrow
26:27 Heavy Plow
27:47 Bow Saw
30:21 Hand Cart
31:00 Town Watch
31:22 Scale Mail Armor
35:21 Imperial Age
33:23 Forging
33:29 Chain Mail Armor
35:29 Elite Woad Raider
36:33 Conscription
37:17 Plate Mail Armor
38:00 Iron Casting
37:29 Town Patrol
40:17 Blast Furnace
39:57 Capped Ram
41:37 Stone Mining
41:37 Gold Mining
50:19 Padded Archer Armor
50:09 Fletching
51:39 Ballistics
51:30 Fortified Wall
53:08 Stronghold
TheDuff_KøK
10:19 Feudal Age
13:59 Castle Age
12:08 Horse Collar
15:32 Heavy Plow
16:46 Wheelbarrow
17:51 Loom
19:29 Fletching
22:00 Bodkin Arrow
22:55 Gold Mining
23:01 Double-Bit Axe
23:49 Bloodlines
23:47 Town Watch
24:16 Husbandry
25:07 Bow Saw
28:43 Scale Barding Armor
28:38 Scale Mail Armor
29:26 Coinage
29:09 Stone Mining
29:55 Gold Shaft Mining
32:30 Imperial Age
30:37 Chain Barding Armor
31:29 Chain Mail Armor
31:24 Forging
31:40 Ballistics
31:53 Murder Holes
33:33 Conscription
32:34 Elite Mameluke
34:16 Chemistry
33:48 Hand Cart
34:22 Iron Casting
34:27 Bracer
35:04 Plate Barding Armor
33:52 Heavy Camel Rider
35:48 Plate Mail Armor
36:23 Blast Furnace
42:55 Padded Archer Armor
42:55 Bracer
46:50 Siege Engineers
46:56 Masonry
DannyBaby
11:08 Loom
12:53 Feudal Age
17:03 Castle Age
17:10 Horse Collar
17:18 Double-Bit Axe
17:31 Gold Mining
19:16 Bow Saw
20:26 Town Watch
21:46 Heavy Plow
24:02 Scale Barding Armor
25:05 Bloodlines
24:56 Husbandry
26:06 Forging
25:46 Fletching
29:34 Wheelbarrow
29:20 Town Patrol
32:46 Imperial Age
32:04 Iron Casting
31:50 Chain Barding Armor
31:26 Bodkin Arrow
32:02 Grand Trunk Road
32:55 Heavy Camel Rider
33:14 Light Cavalry
34:24 Conscription
34:44 Hoardings
34:33 Ballistics
35:15 Chemistry
34:58 Caravan
36:14 Hand Cart
35:46 Imperial Camel Rider
39:29 Blast Furnace
38:30 Bracer
39:05 Plate Barding Armor
38:10 Hussar
Rimbo
7:45 Loom
9:31 Feudal Age
11:44 Double-Bit Axe
14:36 Horse Collar
22:10 Castle Age
22:27 Scale Barding Armor
22:17 Gold Mining
24:11 Bow Saw
24:29 Heavy Plow
28:01 Gold Shaft Mining
27:57 Husbandry
29:44 Bloodlines
30:46 Wheelbarrow
31:55 Hand Cart
33:50 Chain Barding Armor
40:07 Imperial Age
42:11 Plate Barding Armor
41:06 Cavalier
41:57 Stone Mining
42:42 Conscription
41:47 Elite Magyar Huszar
42:35 Fletching
42:33 Light Cavalry
43:19 Corvinian Army
43:26 Bodkin Arrow
43:53 Hussar
45:54 Recurve Bow
46:51 Bracer
46:52 Padded Archer Armor
47:29 Parthian Tactics
46:25 Heavy Cavalry Archer
47:12 Thumb Ring
47:31 Ballistics
47:50 Paladin
49:27 Masonry
51:08 Paladin
radnark
9:08 Loom
11:45 Feudal Age
13:40 Double-Bit Axe
16:44 Castle Age
17:16 Horse Collar
17:48 Bow Saw
19:06 Wheelbarrow
23:13 Gold Mining
24:58 Heavy Plow
25:16 Hand Cart
24:47 Town Watch
30:28 Imperial Age
29:34 Squires
29:55 Forging
29:45 Scale Mail Armor
29:37 Fletching
29:55 Town Patrol
30:27 Crossbowman
31:14 Thumb Ring
31:45 Ballistics
30:53 Capped Ram
31:05 Arbalester
31:53 Bodkin Arrow
33:03 Chemistry
32:07 Padded Archer Armor
32:09 Elite Varangian Guard
33:55 Gold Shaft Mining
33:39 Chain Mail Armor
33:39 Siege Ram
36:08 Bracer
38:25 Caravan
38:51 Shield Wall
39:53 Conscription
40:45 Elite Skirmisher
42:29 Pikeman
43:49 Plate Mail Armor
43:55 Iron Casting
44:25 Halberdier
gingersurprise69
7:55 Loom
10:42 Feudal Age
11:44 Horse Collar
11:59 Double-Bit Axe
13:56 Bloodlines
23:02 Castle Age
23:42 Scale Barding Armor
23:47 Forging
23:46 Husbandry
27:48 Iron Casting
29:53 Wheelbarrow
29:17 Stone Mining
29:19 Gold Mining
33:14 Heavy Plow
36:59 Hand Cart
37:37 Town Watch
40:37 Chain Barding Armor
40:14 Fletching
40:24 Padded Archer Armor
43:36 Stone Shaft Mining
43:13 Bow Saw
44:46 Light Cavalry
46:43 Ballistics
49:22 Imperial Age
47:08 Bodkin Arrow
47:29 Leather Archer Armor
49:58 Caravan
49:43 Cavalier
49:47 Cranequins
51:08 Bracer
51:38 Ring Archer Armor
51:10 Heavy Mounted Crossbowman
52:42 Hussar
Connection lost

Rejoining the realm…

Still unreachable

The connection could not be restored.

Session expired

The server has moved on; the page needs a fresh start.